 Dungeon Crawl Stone Soup version 0.29.1-1-gd02db6906a (webtiles) character file.

Game seed: 18212417615826019692

560 Hadkhar the Digger (level 7, -2/36 HPs)
             Began as a Gargoyle Earth Elementalist on Oct 16, 2022.
             Slain by a wraith (9 damage)
             ... in an ossuary.
             The game lasted 00:20:19 (4750 turns).

Hadkhar the Digger (Gargoyle Earth Elementalist)    Turns: 4750, Time: 00:20:19

Health: -2/36      AC:  7    Str: 12    XL:     7   Next: 31%
Magic:  2/12       EV: 12    Int: 17    God:
Gold:   164        SH:  0    Dex: 16    Spells: 9/13 levels left

rFire   . . .      SeeInvis .   y - +0 trident (venom)
rCold   . . .      Faith    .   (no shield)
rNeg    + . .      Spirit   .   a - +0 robe
rPois   ∞          Reflect  .   (no helmet)
rElec   +          Harm     .   x - +0 cloak
rCorr   .          Rampage  .   (no gloves)
Will    .....                   (no boots)
Stlth   +++.......              (no amulet)
HPRegen 0.12/turn               r - +6 ring of dexterity
MPRegen 0.13/turn               (no ring)

@: slowed, very slow
A: sickness immunity, AC +4, negative energy resistance 1, electricity
resistance, torment resistance 1, petrification resistance
a: no special abilities


You were in an ossuary.
You visited 1 branch of the dungeon, and saw 4 of its levels.
You also visited: Ossuary.

You collected 164 gold pieces.

Inventory:

Hand Weapons
 d - a +0 spear
 q - a +0 long sword
 y - a +0 trident of venom (weapon)
Missiles
 w - 5 poisoned darts (quivered)
Armour
 a - a +0 robe (worn)
 x - a +0 cloak (worn)
Jewellery
 l - a ring of positive energy
 r - a +6 ring of dexterity (left hand)
Scrolls
 c - 2 scrolls of noise {unknown}
 g - 2 scrolls of magic mapping {unknown}
 i - 4 scrolls of vulnerability {unknown}
 n - a scroll of fear {unknown}
 o - a scroll of identify {unknown}
 p - a scroll of silence {unknown}
 s - a scroll of torment {unknown}
 u - a scroll of teleportation {unknown}
 v - a scroll of enchant weapon {unknown}
 z - a scroll of fog {unknown}
 A - a scroll of immolation {unknown}
 B - a scroll of amnesia {unknown}
Potions
 b - a potion of magic
 e - 3 potions of lignification {unknown}
 f - a potion of flight {unknown}
 h - 2 potions of curing {unknown}
 j - a potion of brilliance {unknown}
 k - 2 potions of heal wounds {unknown}
 m - a potion of attraction {unknown}
 t - 2 potions of cancellation {unknown}
 C - 2 potions of degeneration {unknown}
 D - a potion of ambrosia {unknown}
 E - a potion of haste {unknown}


   Skills:
 - Level 1.5 Dodging
 + Level 4.8 Stealth
 + Level 3.9 Spellcasting
 * Level 1.7 Conjurations
 - Level 0.7 Transmutations
 + Level 7.1 Earth Magic


You had 9 spell levels left.
You knew the following spells:

 Your Spells              Type           Power      Damage    Failure   Level
a - Sandblast             Erth           54%        2d13      1%          1
b - Stone Arrow           Conj/Erth      36%        3d9       8%          3

Your spell library contained the following spells:

 Spells                   Type           Power      Damage    Failure   Level
 Passwall                 Tmut/Erth      13%        N/A       4%          2
 Magic Dart               Conj           36%        1d4       8%          1
 Call Imp                 Summ           3%         N/A       24%         2
 Petrify                  Tmut/Erth      16%        N/A       30%         4
 Mephitic Cloud           Conj/Pois/Air  5%         N/A       36%         3
 Passage of Golubria      Tloc           3%         N/A       85%         4
 Silence                  Hex/Air        1%         N/A       99%         5
 Lehudib's Crystal Spear  Conj/Erth      9%         10d4      100%        8


Dungeon Overview and Level Annotations

Branches:
Dungeon (4/15)            Ossuary (1/1)
 Temple: D:4-7

Altars:
Cheibriados
Sif Muna


Innate Abilities, Weirdness & Mutations

You are immune to sickness and miasma.
Your stone body is resilient. (AC +4)
You are immune to poison.
You resist negative energy. (rN+)
You are resistant to electric shocks. (rElec)
You are resistant to unholy torment.
You are immune to petrification.


Message History

Casting: Stone Arrow (dangerous; 8% risk of failure)
Confirm with . or Enter, or press ? or * to list all spells.
Aiming: Stone Arrow (dangerous; 8% risk of failure)
Press: ? - help, Shift-Dir - straight line, f/p - wraith
Aim: a wraith (68% to hit)
You miscast Stone Arrow.
You are very lightly contaminated with residual magic.
Nothing appears to happen.
The wraith barely misses you.
Casting: Stone Arrow (dangerous; 8% risk of failure)
Confirm with . or Enter, or press ? or * to list all spells.
Aiming: Stone Arrow (dangerous; 8% risk of failure)
Press: ? - help, Shift-Dir - straight line, f/p - wraith
Aim: a wraith (68% to hit)
The stone arrow misses the wraith.
The wraith closely misses you.
Unknown command.
You hit the wraith but do no damage. The wraith hits you.
You hit the wraith but do no damage. The wraith hits you.
The wraith drains your vigour!
You feel yourself slow down.
You hit the wraith but do no damage. The wraith hits you.
The wraith drains your vigour!
You feel as though you will be slow longer.
The wraith barely misses you.
You hit the wraith but do no damage. The wraith barely misses you.
The wraith hits you!
Your magical contamination has completely faded away.
You hit the wraith but do no damage. The wraith misses you.
The wraith hits you but does no damage.
You hit the wraith but do no damage. The wraith closely misses you.
The wraith barely misses you.
You hit the wraith but do no damage. The wraith closely misses you.
The wraith hits you. The wraith drains your vigour!
You feel as though you will be slow longer.
The wraith hits you!
* * * LOW HITPOINT WARNING * * *
The wraith drains your vigour!
You feel as though you will be slow longer.
The wraith attacks as you move away! The wraith closely misses you.
The wraith barely misses you. The wraith attacks as you move away!
The wraith hits you!
You die...

#. +...8...# #...8... #..#
#..####......#+#......####..#
#............#.#............#
#...........................#
#..####.####.....####.####..#
#..# +..#?'...8...+ #.. #..#
#..####.####.....####.####..#
#...........W...............#
#...........@#.#............#
#..####......#+#......####..#
#..#.'...8...# #...8...'.#..#
#..####......###......####..#
#...........................#
#...........................#
#..#.#..#.#..#.#..#.#..#.#..#
#..#+#..#'#..#'#..#'#..#'#..#
#..# #..#.#..#.#..#.#..#.#..#


You could see a wraith.

Vanquished Creatures
  Grinder (D:4)
  An elf zombie (Ossuary)
  2 human zombies (Ossuary)
  An iron imp (D:3)
  2 orc wizards (D:4)
  7 adders
  5 worms
  2 dart slugs
  2 orcs
  6 ball pythons
  7 endoplasms
  7 giant cockroaches
  3 goblins
  A hobgoblin (D:2)
  4 jackals
  4 kobolds
  8 quokkas
  10 bats
  8 frilled lizards
  A gnoll zombie (Ossuary)
  2 goblin zombies
  2 hobgoblin zombies (Ossuary)
  2 kobold zombies (Ossuary)
  8 rats
  A rat zombie (D:4)
97 creatures vanquished.

Notes
Turn   | Place    | Note
-------+----------+-------------------------------------------
     0 | D:1      | Hadkhar the Gargoyle Earth Elementalist began the quest for
                  | the Orb.
     0 | D:1      | Reached XP level 1. HP: 10/10 MP: 3/3
   184 | D:1      | You fall into a shaft and drop 1 floor!
   385 | D:2      | Reached XP level 2. HP: 15/15 MP: 3/5
   386 | D:2      | Reached skill level 4 in Earth Magic
   781 | D:2      | Reached XP level 3. HP: 19/19 MP: 4/6
  1596 | D:2      | Reached XP level 4. HP: 24/24 MP: 4/7
  1601 | D:2      | Reached skill level 5 in Earth Magic
  2480 | D:1      | Found a faded altar of an unknown god.
  3022 | D:3      | Found a shimmering blue altar of Sif Muna.
  3082 | D:3      | Reached XP level 5. HP: 28/28 MP: 6/9
  3711 | D:3      | Found a snail-covered altar of Cheibriados.
  3927 | D:4      | Noticed Grinder
  3939 | D:4      | Killed Grinder
  3940 | D:4      | Reached skill level 6 in Earth Magic
  3940 | D:4      | Reached XP level 6. HP: 15/32 MP: 6/11
  4112 | D:4      | Learned a level 3 spell: Stone Arrow
  4144 | D:4      | Reached skill level 7 in Earth Magic
  4302 | D:4      | Found a sand-covered staircase.
  4327 | Ossuary  | Entered an ossuary
  4327 | Ossuary  | Noticed a wraith
  4327 | Ossuary  | Noticed a wraith
  4327 | Ossuary  | Noticed a wraith
  4389 | Ossuary  | Reached XP level 7. HP: 29/36 MP: 6/12
  4459 | Ossuary  | Reached skill level 1 in Conjurations
  4735 | Ossuary  | Noticed a wraith
  4750 | Ossuary  | Slain by a wraith

Illustrated notes

Levels and vault maps discovered:
D:1:      saegor_arrival_fortress, layout_basic,
          chequers_ecumenical_altar_simple_redux, minmay_misc_feat_hallway,
          minmay_cut_off
D:2:      layout_basic, minmay_misc_feat_pillars, minmay_hexomino_c4
D:3:      layout_loops_ring, mainiacjoe_overflow_alcove_2, slow_altar_1
D:4:      layout_loops_ring, enter_ossuary_4, uniq_grinder
Ossuary:  ossuary_kennysheep_city_of_the_dead

Skill      XL: |  1  2  3  4  5  6  7 |
---------------+----------------------+-----
Earth Magic    | 4 5 6 7 |  7.1
Stealth        | 3 4 |  4.8
Spellcasting   | 3 |  3.9
Conjurations   | 1 |  1.7
Dodging        | |  1.5
Transmutations | |  0.7

Action                   |  1- 3 |  4- 6 |  7- 9 || total
-------------------------+-------+-------+-------++-------
Melee: Spear             |    40 |    14 |       ||    54
       Long sword        |       |    44 |       ||    44
       Hand axe          |       |    22 |       ||    22
       Trident           |       |    25 |    35 ||    60
 Cast: Sandblast         |    37 |    53 |    11 ||   101
       Stone Arrow       |       |     1 |     3 ||     4
 Stab: Sleeping          |       |     9 |       ||     9
Armor: Robe              |    15 |    53 |    12 ||    80
Dodge: Dodged            |    37 |    81 |    33 ||   151
